 Dungeon Crawl Stone Soup version 0.29.1-15-g9cfb28693d (webtiles) character file.

Game seed: 7906299024878910749

203 leafyfresh the Covert (level 5, 0/57 HPs)
             Began as an Octopode Delver on Mar 4, 2023.
             Succumbed to a water moccasin's poison
             ... on level 3 of the Dungeon.
             The game lasted 00:02:02 (905 turns).

leafyfresh the Covert (Octopode Delver)              Turns: 905, Time: 00:02:03

Health: 0/57       AC:  1    Str: 12    XL:     5   Next: 81%
Magic:  5/5        EV: 14    Int: 14    God:
Gold:   58         SH:  0    Dex: 13    Spells: 4/4 levels left

rFire   . . .      SeeInvis .   a - +0 short sword
rCold   . . .      Faith    .   (no shield)
rNeg    . . .      Spirit   .   (helmet restricted)
rPois   .          Reflect  .   (no amulet)
rElec   .          Harm     .   (no ring)
rCorr   .          Rampage  .   (no ring)
Will    .....                   (no ring)
Stlth   ..........              (no ring)
HPRegen 0.19/turn               (no ring)
MPRegen 0.09/turn               (no ring)
                                (no ring)
                                (no ring)

@: berserking, lethally poisoned (0 -> -9), very quick
A: almost no armour, amphibious, 8 rings, camouflage 1, gelatinous body 1,
(nimble swimmer 1), tentacles
a: no special abilities


You were on level 3 of the Dungeon.
You visited 1 branch of the dungeon, and saw 3 of its levels.

You collected 58 gold pieces.

Inventory:

Hand Weapons
 a - a +0 short sword (weapon)
Magical Staves
 g - a staff of fire
Wands
 f - a wand of digging (3)
Scrolls
 b - a scroll of fog
 c - 2 scrolls of magic mapping
 d - a scroll of fear
 h - 2 scrolls of identify {unknown}
 i - a scroll of teleportation {unknown}
 j - a scroll of poison {unknown}
Potions
 e - a potion of haste
 l - a potion of degeneration {unknown}
 m - a potion of attraction {unknown}


   Skills:
 + Level 4.3 Fighting
 - Level 2.0 Short Blades
 + Level 3.6 Dodging
 + Level 8.0 Stealth


You had 4 spell levels left.
You didn't know any spells.
Your spell library contained the following spells:

 Spells                   Type           Power      Damage    Failure   Level
 Conjure Flame            Conj/Fire      0%         6-21      65%         3
 Ignite Poison            Fire/Tmut/Pois 0%         N/A       65%         3
 Petrify                  Tmut/Erth      0%         N/A       96%         4
 Sticky Flame             Conj/Fire      0%         2d3       96%         4
 Metabolic Englaciation   Hex/Ice        0%         N/A       100%        5
 Statue Form              Tmut/Erth      0%         N/A       100%        6


Dungeon Overview and Level Annotations

Branches:
Dungeon (5/15)             Temple (0/1) D:4

Altars:
Hepliaklqana
Kikubaaqudgha
Yredelemnul

Annotations:
D:5 2 runed translucent doors, Edmund; jtron's ghost, novice GnWn


Innate Abilities, Weirdness & Mutations

You cannot wear most types of armour.
You are amphibious.
You can wear up to eight rings at the same time.
Your skin changes colour to match your surroundings (Stealth+).
Your rubbery body absorbs attacks. (AC +1, EV +1)
((You are camouflaged when in or above water. (Stealth+)))
You have tentacles for arms and can constrict up to eight enemies at once.


Message History

You constrict the water moccasin.
You feel sick. The water moccasin closely misses you.
You hit the water moccasin. You squeeze the water moccasin.
The water moccasin is severely wounded.
You constrict the water moccasin.
You feel sick. The water moccasin bites you.
* * * LOW HITPOINT WARNING * * *
You are lethally poisoned!
The water moccasin poisons you! The water moccasin barely misses you.
Unknown command.
It was a potion of berserk rage.
A red film seems to cover your vision as you go berserk!
You feel yourself moving faster!
You feel mighty!
You constrict the water moccasin.
* * * LOW HITPOINT WARNING * * *
You feel very sick. The water moccasin barely misses you.
You are too berserk!
You are too berserk!
You hit the water moccasin.
You kill the water moccasin!
* * * LOW HITPOINT WARNING * * *
You feel very sick.
Your Fighting skill increases to level 4!
Your Stealth skill increases to level 8!
You have reached level 5!
You feel stronger.
You hit the adder. Your grab misses the adder.
The adder is heavily wounded.
* * * LOW HITPOINT WARNING * * *
You feel sick. The adder closely misses you.
You puncture the adder!
You kill the adder!
* * * LOW HITPOINT WARNING * * *
You feel sick.
You are too berserk!
You are too berserk!
Unknown command.
Unknown command.
Unknown command.
You die...

### #.. #.#
#.# #.# #@#
#.# #.#
#####.######
#..........#
#.###.####.#
#.# #.# #.#
#.# #.# #.#


There were no monsters in sight!

Vanquished Creatures
  A water moccasin (D:3)
  A scorpion (D:5)
  A gnoll (D:3)
  3 adders
  An orc (D:5)
  A goblin (D:3)
  A quokka (D:3)
  A frilled lizard (D:3)
10 creatures vanquished.

Notes
Turn   | Place    | Note
-------+----------+-------------------------------------------
     0 | D:5      | leafyfresh the Octopode Delver began the quest for the Orb.
     0 | D:5      | Reached XP level 1. HP: 16/16 MP: 1/1
    23 | D:5      | Found a hazy altar of Hepliaklqana.
    32 | D:5      | Reached XP level 2. HP: 21/21 MP: 2/2
    35 | D:5      | Found a large runed translucent door.
    36 | D:5      | Found a large runed translucent door.
    69 | D:5      | Noticed a scorpion
    76 | D:5      | Killed a scorpion
    77 | D:5      | Reached skill level 7 in Stealth
    77 | D:5      | Reached XP level 3. HP: 11/27 MP: 3/3
    77 | D:5      | Reached XP level 4. HP: 14/33 MP: 4/4
   318 | D:5      | Noticed a phantom
   393 | D:5      | Noticed jtron's ghost (novice GnWn)
   612 | D:5      | Noticed Edmund
   615 | D:4      | Found a staircase to the Ecumenical Temple.
   779 | D:3      | Found an ancient bone altar of Kikubaaqudgha.
   865 | D:3      | Found a basalt altar of Yredelemnul.
   889 | D:3      | Noticed a water moccasin
   902 | D:3      | Killed a water moccasin
   903 | D:3      | Reached skill level 8 in Stealth
   903 | D:3      | Reached XP level 5. HP: 5/37 MP: 5/5
   904 | D:3      | HP: 1/55 [poisoned by a water moccasin]
   905 | D:3      | Succumbed to a water moccasin's poison

Illustrated notes

Levels and vault maps discovered:
D:3:      layout_loops_ring, nicolae_overflow_hidden_temple, minitemple,
          nicolae_kikubaaqudgha_miasma_corner, gup_sewer_entry_glass
D:4:      layout_basic, minmay_temple_entry_mini_moons,
          ebering_ghost_inner_flame
D:5:      layout_basic, slow_altar_2, overflow_temple_1_default,
          ebering_ghost_disaster_area, uniq_edmund

Skill      XL: |  1  2  3  4 |
---------------+-------------+-----
Stealth        | 7 8 |  8.0
Dodging        | 3 |  3.6
Fighting       | 4 |  4.3
Short Blades   | |  2.0

Action                   |  1- 3 |  4- 6 || total
-------------------------+-------+-------++-------
Melee: Short sword       |     5 |    24 ||    29
       Constrict         |     1 |     3 ||     4
       Tentacles         |     1 |     3 ||     4
  Use: Potion            |       |     1 ||     1
 Stab: Sleeping          |     1 |     2 ||     3
Dodge: Dodged            |     2 |    12 ||    14
